 Dungeon Crawl Stone Soup version 0.21-a0-186-g02e8684 (webtiles) character file.

1740 Vidiiot the Cleaver (level 9, -2/61 HPs)
             Began as a Hill Orc Skald on Aug 13, 2017.
             Was a Follower of Hepliaklqana.
             Splashed by Ijyb's acid (7 damage)
             ... on level 3 of the Dungeon.
             The game lasted 00:17:26 (3794 turns).

Vidiiot the Cleaver (Hill Orc Skald)                Turns: 3794, Time: 00:17:27

Health: -2/61      AC:  5    Str: 14    XL:     9   Next: 5%
Magic:  11/11      EV: 11    Int: 13    God:    Hepliaklqana [*.....]
Gold:   150        SH:  0    Dex: 13    Spells: 7/11 levels left

rFire    . . .     SeeInvis .   a - +1 hand axe (flame)
rCold    . . .     Gourm    .   (no shield)
rNeg     . . .     Faith    .   j - +0 ring mail
rPois    .         Spirit   .   k - +2 hat
rElec    .         Reflect  .   t - +0 cloak (curse)
rCorr    .         Harm     .   o - +0 pair of gloves
MR       .....                  (no boots)
Stlth    ++........             (no amulet)
HPRegen  0.20/turn              (no ring)
MPRegen  0.12/turn              (no ring)

@: corroded
A: reduced essence
a: Recall Ancestor, Ancestor Identity, Renounce Religion


You were on level 3 of the Dungeon.
You worshipped Hepliaklqana.
Hepliaklqana was aware of your devotion.
You were not hungry.

You visited 2 branches of the dungeon, and saw 8 of its levels.

You collected 150 gold pieces.

Inventory:

Hand Weapons
 a - a +1 hand axe of flaming (weapon)
 b - a +0 blowgun
 e - a cursed -2 short sword
 g - a +0 dagger
 h - a +1 dagger of speed
 p - a +0 flail
 B - a +1 mace
 D - a +3 blowgun
Missiles
 s - 4 javelins
 u - 14 tomahawks (quivered)
 E - 3 curare-tipped needles
Armour
 j - a +0 ring mail (worn)
 k - a +2 hat (worn)
 o - a +0 pair of gloves (worn)
 r - a +0 buckler
 t - a cursed +0 cloak (worn)
 v - a +0 helmet
 x - a +1 leather armour
Wands
 l - a wand of acid (7/15)
 w - a wand of polymorph (8/24)
Scrolls
 y - a scroll of remove curse
 C - a scroll of blinking {!r}
Potions
 i - 2 potions of brilliance
 m - 3 potions of mutation
 n - a potion of lignification
 q - a potion of ambrosia {unknown}
 A - a potion of curing
 F - a potion of flight {unknown}
Books
 c - a book of Battle

   Spells                             Type                      Level
   a - Infusion                       Charms                       1
   b - Shroud of Golubria             Charms/Translocation         2
   c - Song of Slaying                Charms                       2
   d - Spectral Weapon                Hexes/Charms                 3
   e - Regeneration                   Charms/Necromancy            3
Comestibles
 d - 3 bread rations
 f - 2 meat rations
 z - 2 chunks of flesh


   Skills:
 - Level 2.4 Fighting
 + Level 8.5(10.4) Axes
 - Level 8.1(9.3) Maces & Flails
 - Level 1.2 Armour
 - Level 1.5 Dodging
 - Level 5.0 Stealth
 - Level 1.5 Spellcasting
 - Level 2.6 Charms


You had 7 spell levels left.
You knew the following spells:

 Your Spells              Type           Power        Failure   Level  Hunger
a - Infusion              Chrm           #...         19%         1    ##.....
b - Regeneration          Chrm/Necr      #.........   67%         3    ####...


Dungeon Overview and Level Annotations

Branches:
Dungeon (7/15)             Temple (1/1) D:5

Altars:
Ashenzari
Dithmenos
Elyvilon
Fedhas
Gozag
Hepliaklqana
Kikubaaqudgha
Makhleb
Nemelex Xobeh
Okawaru
Qazlal
Ru
Sif Muna
Trog
Wu Jian
Xom
Yredelemnul
Zin
The Shining One

Annotations:
D:3 2 transporters, Ijyb
D:4 exclusion: upstairs
D:6 exclusion: black bear
D:7 Joseph


Message History

This wand has 9 charges left.
Sikke Van Der Vee hits Ijyb but does no damage.
Ijyb drinks a potion.
Ijyb is healed!
Evoke which item? (* to show all) (? for menu, Esc to quit)
Aiming: Corrosive Bolt
Press: ? - help, Shift-Dir - straight line, f/p - Ijyb
Aim: Ijyb, wielding a club, wearing a ring mail and carrying a wand of acid (?/15) {zapped: 2} (moderately wounded)
The bolt of acid misses Ijyb.
This wand has 8 charges left.
Sikke Van Der Vee hits Ijyb.
Ijyb barely misses you.
Evoke which item? (* to show all) (? for menu, Esc to quit)
Aiming: Corrosive Bolt
Press: ? - help, Shift-Dir - straight line, f/p - Ijyb
Aim: Ijyb, wielding a club, wearing a ring mail and carrying a wand of acid (?/15) {zapped: 2} (moderately wounded)
The bolt of acid hits Ijyb.
Ijyb is splashed with acid.
Ijyb is severely wounded.
This wand has 7 charges left.
Sikke Van Der Vee hits Ijyb.
Ijyb zaps a wand.
The bolt of acid hits you!
* * * LOW HITPOINT WARNING * * *
The acid corrodes you!
You are splashed with acid!
The acid burns!
You die...

#######...........8...#
......#.#...........8.#
#####.#........#......#
5#P8#.#.....#.........#
≈#.P#.#...............#
.#..#...#...#.........#
.+/©#©..#.............#
.#..#...#...)...gZ....#.
≈#.P#...#......R@.......
5#P8#..##.....#./...!###
#####)[###..#.#......#
.......###..#.#.#+##.#
####....##..#....[.# #
............#.#....#
..........#...+....'
............#.#....#
...........##......#.


You could see the friendly Sikke Van Der Vee the ancestor, Ijyb and a jackal
zombie.

Vanquished Creatures
  Grinder (D:3)
  Sigmund (D:3)
  A phantom (D:6)
  An ogre (D:7)
  A centaur (D:5)
  A howler monkey (D:5)
  A hound (D:4)
  The ghost of Duskembrace the Sneak, a weakling SpEn of Ashenzari (D:3)
  Crazy Yiuf (D:7)
  Natasha (twice) (D:3)
  2 worker ants
  A hound skeleton (D:3)
  A howler monkey zombie (D:4)
  A worker ant zombie (D:3)
  A gnoll (D:3)
  7 adders
  An ooze (D:4)
  3 adder skeletons
  A worm (D:2)
  A dart slug (D:2)
  3 leopard geckos
  14 orcs
  4 giant cockroaches
  6 hobgoblins
  4 kobolds
  A bat (D:2)
  2 frilled lizards (D:3)
  5 goblins
  A leopard gecko zombie (D:5)
  A quokka skeleton (D:4)
  A rat (D:2)
72 creatures vanquished.

Vanquished Creatures (collateral kills)
  A hippogriff (D:7)
  Menkaure (D:7)
  A phantom (D:6)
  A sky beast (D:5)
  A crimson imp (D:6)
  3 hounds
  A bullfrog skeleton (D:5)
  An iguana (D:4)
  A worker ant zombie (D:6)
  A howler monkey skeleton (D:6)
  A howler monkey zombie (D:4)
  2 adders
  An ooze (D:3)
  2 orcs
  2 goblins (D:6)
  A jackal skeleton (D:6)
21 creatures vanquished.

Grand Total: 93 creatures vanquished

Notes
Turn   | Place    | Note
-------+----------+-------------------------------------------
     0 | D:1      | Vidiiot the Hill Orc Skald began the quest for the Orb.
     0 | D:1      | Reached XP level 1. HP: 18/18 MP: 3/3
   117 | D:2      | Reached XP level 2. HP: 10/25 MP: 0/4
   639 | D:2      | Reached XP level 3. HP: 29/30 MP: 0/5
   659 | D:3      | Noticed Duskembrace's ghost (weakling SpEn)
   688 | D:3      | Killed Duskembrace's ghost
   690 | D:3      | Reached XP level 4. HP: 35/37 MP: 0/6
   773 | D:3      | Reached skill level 5 in Maces & Flails
   814 | D:3      | Found a transporter.
   907 | D:3      | Noticed Grinder
   947 | D:4      | Reached skill level 1 in Stealth
   992 | D:4      | Reached XP level 5. HP: 28/42 MP: 7/7
  1407 | D:4      | Learned a level 3 spell: Regeneration
  1492 | D:5      | Entered Level 5 of the Dungeon
  1492 | D:5      | Found a staircase to the Ecumenical Temple.
  1655 | Temple   | Entered the Ecumenical Temple
  1708 | Temple   | Became a worshipper of Hepliaklqana the Forgotten
  1795 | D:5      | Reached XP level 6. HP: 36/45 MP: 8/8
  1962 | D:5      | Found a sparkling altar of Nemelex Xobeh.
  2213 | D:5      | Noticed a sky beast
  2218 | D:5      | Killed a sky beast
  2300 | D:4      | Reached XP level 7. HP: 49/50 MP: 9/9
  2331 | D:4      | Found a basalt altar of Yredelemnul.
  2339 | D:4      | Found an ornate altar of the Wu Jian Council.
  2342 | D:4      | Found a blossoming altar of Fedhas.
  3058 | D:6      | Reached * piety under Hepliaklqana
  3113 | D:6      | Found an iron altar of Okawaru.
  3190 | D:7      | Noticed a hippogriff
  3199 | D:7      | Killed a hippogriff
  3199 | D:7      | Reached skill level 5 in Stealth
  3199 | D:7      | Reached XP level 8. HP: 54/55 MP: 10/10
  3216 | D:7      | Noticed Joseph
  3273 | D:7      | Found a glowing golden altar of the Shining One.
  3351 | D:7      | Found a sacrificial altar of Ru.
  3377 | D:7      | Noticed Menkaure
  3382 | D:7      | Killed Menkaure
  3450 | D:7      | Found a runed door.
  3454 | D:7      | Noticed Crazy Yiuf
  3460 | D:7      | Killed Crazy Yiuf
  3506 | D:7      | Reached skill level 5 in Axes
  3663 | D:3      | Paralysed by Grinder for 2 turns
  3670 | D:3      | Killed Grinder
  3676 | D:3      | Noticed Natasha
  3688 | D:3      | Killed Natasha
  3733 | D:3      | Noticed Natasha
  3739 | D:3      | Killed Natasha
  3755 | D:3      | Found a transporter.
  3756 | D:3      | Noticed Sigmund
  3768 | D:3      | Killed Sigmund
  3768 | D:3      | Reached XP level 9. HP: 38/61 MP: 11/11
  3785 | D:3      | Noticed Ijyb
  3794 | D:3      | Splashed by Ijyb's acid

Vault maps used:
D:1:      eino_arrival_water_cross
D:2:      kennysheep_slug_shrine
D:3:      gammafunk_wand_slinger, first_bread, serial_undead, serial_undead_d,
          serial_undead_c, serial_undead_c, serial_undead_f, uniq_grinder,
          uniq_ijyb, uniq_natasha, uniq_sigmund
D:4:      grunt_temple_overflow_open, nrook_loot_triangle
D:5:      kennysheep_little_box, temple_fountains
D:6:      kennysheep_okawaru_gauntlet, kennysheep_generic_room_6
D:7:      lemuel_round_altar, overflow_temple_1_default, kennysheep_mini_moat,
          uniq_crazy_yiuf_cottage, uniq_menkaure, uniq_joseph
Temple:   nicolae_temple_x_marks_the_god

Skill      XL: |  1  2  3  4  5  6  7  8 |
---------------+-------------------------+-----
Maces & Flails | 3 4 5 6 8 |  8.1
Stealth        | 1 2 3 5 |  5.0
Axes           | 8 |  8.5
Fighting       | |  2.4
Armour         | |  1.2
Dodging        | |  1.5
Spellcasting   | |  1.5
Charms         | |  2.6

Action                   |  1- 3 |  4- 6 |  7- 9 || total
-------------------------+-------+-------+-------++-------
Melee: Mace              |    60 |   131 |   117 ||   308
       Hand axe          |       |       |    80 ||    80
 Fire: Blowgun           |       |       |     4 ||     4
Throw: Tomahawk          |       |       |     2 ||     2
       Javelin           |       |       |     2 ||     2
 Cast: Infusion          |     7 |     5 |     7 ||    19
Invok: Ancestor Identity |       |     1 |       ||     1
       Recall Ancestor   |       |       |     1 ||     1
Evoke: Wand              |       |     1 |     4 ||     5
  Use: Scroll            |     2 |     5 |     8 ||    15
       Potion            |       |       |     1 ||     1
 Stab: Sleeping          |       |     1 |     2 ||     3
       Distracted        |       |     1 |       ||     1
  Eat: Chunk             |       |     5 |     5 ||    10
Armor: Leather armour    |     9 |       |       ||     9
       Ring mail         |    12 |    48 |    67 ||   127
Dodge: Dodged            |    37 |    76 |    93 ||   206
